 Dungeon Crawl Stone Soup version 0.29.1-15-g9cfb28693d (webtiles) character file.

Game seed: 17742659082810377755

1026 hawla the Digger (level 8, -3/57 HPs)
             Began as a Meteoran Fire Elementalist on Apr 22, 2023.
             Was a Believer of Vehumet.
             Slain by a two-headed ogre
             ... wielding a +0 giant club
              (34 damage)
             ... on level 9 of the Dungeon.
             The game lasted 00:14:15 (1856 turns).

hawla the Digger (Meteoran Fire Elementalist)       Turns: 1856, Time: 00:14:16

Health: -3/57      AC:  9    Str: 10    XL:     8   Next: 75%
Magic:  0/13       EV: 12    Int: 18    God:    Vehumet [**....]
Gold:   243        SH:  0    Dex: 15    Spells: 3/13 levels left

rFire   . . .      SeeInvis .   e - staff of poison
rCold   . . .      Faith    .   (no shield)
rNeg    . . .      Spirit   .   a - +0 robe
rPois   +          Reflect  .   j - +1 helmet
rElec   .          Harm     .   i - +0 cloak
rCorr   .          Rampage  .   (no gloves)
Will    +....                   (no boots)
Stlth   +.........              (no amulet)
HPRegen 0.19/turn               f - +4 ring of protection
MPRegen 0.13/turn               (no ring)

@: glowing
A: sense surroundings 1, otherworldly, glowing, explore regen
a: Renounce Religion


You were on level 9 of the Dungeon.
You worshipped Vehumet.
Vehumet was pleased with you.
You visited 1 branch of the dungeon, and saw 9 of its levels.
You also visited: Ossuary.

You collected 243 gold pieces.

Inventory:

Armour
 a - a +0 robe (worn)
 i - a +0 cloak (worn)
 j - a +1 helmet (worn)
Magical Staves
 e - a staff of poison (weapon)
Jewellery
 f - a +4 ring of protection (left hand)
Wands
 l - a wand of iceblast (8) (quivered)
Scrolls
 h - 2 scrolls of poison
Potions
 b - a potion of haste
 g - 4 potions of curing
 k - a potion of mutation {unknown}
 n - a potion of attraction {unknown}
 q - a potion of flight


   Skills:
 - Level 3.9 Staves
 - Level 2.6 Dodging
 - Level 1.4 Stealth
 - Level 3.2 Spellcasting
 - Level 4.9 Conjurations
 - Level 4.9 Fire Magic
 + Level 6.5 Earth Magic
 - Level 3.0 Poison Magic
 - Level 3.0 Evocations


You had 3 spell levels left.
You knew the following spells:

 Your Spells              Type           Power      Damage    Failure   Level
a - Foxfire               Conj/Fire      80%        2x1d8     2%          1
b - Scorch                Fire           40%        2d7       3%          2
c - Flame Wave            Conj/Fire      20%        2d7       22%         4
d - Stone Arrow           Conj/Erth      46%        3d9       4%          3

Your spell library contained the following spells:

 Spells                   Type           Power      Damage    Failure   Level
 Static Discharge         Conj/Air       11%        3-5/arc   9%          2
 Conjure Flame            Conj/Fire      20%        6-21      6%          3
 Inner Flame              Hex/Fire       11%        N/A       17%         3
 Animate Armour           Summ/Erth      28%        N/A       38%         4
 Cause Fear               Hex            1%         N/A       85%         4
 Discord                  Hex            1%         N/A       100%        8
 Lehudib's Crystal Spear  Conj/Erth      11%        10d4      100%        8


Dungeon Overview and Level Annotations

Branches:
Dungeon (9/15) Zot: 3967   Temple (0/1) D:7         Ossuary (visited)
   Lair: D:8-11         Orc: D:9-12

Altars:
Dithmenos
Vehumet
Xom

Annotations:
D:4 Pikel
D:5 Blork the orc


Innate Abilities, Weirdness & Mutations

You passively map a small area around you.
You are easily found by Zot.
You glow in the dark.
You regain HP and MP as you explore.


Message History

Casting: Foxfire (safe; 2% risk of failure)
Confirm with . or Enter, or press ? or * to list all spells.
You conjure some foxfire!
The killer bee stings you but does no damage.
The killer bee closely misses you.
Casting: Foxfire (safe; 2% risk of failure)
Confirm with . or Enter, or press ? or * to list all spells.
Flames lash the killer bee.
The killer bee is lightly wounded.
The killer bee's fire resistance burns away.
The foxfire hits the killer bee.
The killer bee is lightly wounded.
The foxfire hits the killer bee!
The killer bee is burned terribly!
The killer bee is heavily wounded.
The killer bee stings you. x2
The air fills with toxic fumes!
As you read the scroll of poison, it crumbles to dust.
The killer bee misses you. The killer bee closely misses you.
You hit the killer bee.
The killer bee is severely wounded.
The killer bee closely misses you. The killer bee stings you.
You hit the killer bee.
You envenom the killer bee.
You kill the killer bee!
Vehumet accepts your kill.
The two-headed ogre is engulfed in poison gas.
The two-headed ogre is poisoned.
Casting: Scorch (safe; 3% risk of failure)
Confirm with . or Enter, or press ? or * to list all spells.
You conjure some foxfire!
The two-headed ogre is engulfed in poison gas.
The two-headed ogre looks even sicker.
You hit the two-headed ogre but do no damage.
The two-headed ogre is lightly wounded.
The foxfire hits the two-headed ogre!
The two-headed ogre is moderately wounded.
The foxfire hits the two-headed ogre.
The two-headed ogre is moderately wounded.
The two-headed ogre hits you with a +0 giant club!!
Ouch! That really hurt!
You die...

,,,,,,,,,,,,,,,,,,,,,,,*
+*****#.......#*******,*
.* #.....#.# *,*
.######..§..#§# *,*
.........§§.#§######**,*
.........§§§#§§§§§..,,**
,........§§§§§§§§#***,*
**#'#....§§§§§§§§# *,*
###......§§§.§§O@# *,***
#.[......☼§☼§§§§§# *,,,*
#...†....§☼§§§§§§#*****,*
#...)..####§§§§§§§..,,,,*
#..).)#####§§§§§####*****
##....)..§§§☼§§§..#
#........§§§☼§§§..#
#.......)☼☼§§§§§..#
#.................#


You could see a two-headed ogre (very poisoned).

Vanquished Creatures
  A troll (D:9)
  An orc warrior (D:9)
  A centaur (D:6)
  2 lemures (D:5)
  A kobold brigand (D:8)
  2 bullfrogs
  A necrophage (D:7)
  3 killer bees (D:9)
  A howler monkey (D:9)
  A hound (D:6)
  An iguana (D:6)
  An orc wizard (D:8)
  A mummy (Ossuary)
  An adder (D:3)
  10 orcs
  A spectral bat (Ossuary)
  4 bats
  2 endoplasms
  A giant cockroach (D:1)
  12 gnoll zombies (Ossuary)
  3 goblins
  2 hobgoblins
  2 kobolds (D:8)
  3 bat simulacra (Ossuary)
  3 frilled lizards
  4 goblin simulacra (Ossuary)
  3 goblin zombies (Ossuary)
  4 hobgoblin zombies (Ossuary)
  2 kobold simulacra (Ossuary)
  A kobold zombie (Ossuary)
  3 orc zombies (Ossuary)
  2 rats (D:3)
  4 rat simulacra (Ossuary)
  A spectral goblin (Ossuary)
  4 spectral kobolds (Ossuary)
  3 spectral rats (Ossuary)
92 creatures vanquished.

Vanquished Creatures (collateral kills)
  A goblin zombie (Ossuary)
  A hobgoblin zombie (Ossuary)
  A kobold zombie (Ossuary)
  4 orc zombies (Ossuary)
  A foxfire (D:1)
8 creatures vanquished.

Vanquished Creatures (others)
  117 foxfires
  3 plants
120 creatures vanquished.

Grand Total: 220 creatures vanquished

Notes
Turn   | Place    | Note
-------+----------+-------------------------------------------
     0 | D:1      | hawla the Meteoran Fire Elementalist began the quest for
                  | the Orb.
     0 | D:1      | Reached XP level 1. HP: 14/14 MP: 5/5
   139 | D:1      | Reached XP level 2. HP: 20/20 MP: 4/6
   142 | D:1      | Learned a level 2 spell: Scorch
   191 | D:1      | Found a faded altar of an unknown god.
   364 | D:3      | Found a radiant altar of Vehumet.
   376 | D:3      | Became a worshipper of Vehumet
   409 | D:3      | Reached XP level 3. HP: 23/26 MP: 1/8
   722 | D:4      | Noticed a lemure
   722 | D:4      | Noticed Pikel
   722 | D:4      | Noticed a lemure
   727 | D:4      | Noticed a lemure
   728 | D:4      | Noticed a lemure
   817 | D:5      | Entered Level 5 of the Dungeon
   821 | D:5      | Killed a lemure
   821 | D:5      | Noticed Blork the orc
   848 | D:5      | Killed a lemure
   890 | D:6      | Noticed a bullfrog
   895 | D:6      | Killed a bullfrog
   896 | D:6      | Reached XP level 4. HP: 33/33 MP: 4/9
   896 | D:6      | Reached XP level 5. HP: 38/38 MP: 4/10
   901 | D:6      | Learned a level 4 spell: Flame Wave
   914 | D:6      | Noticed a centaur
   919 | D:6      | Killed a centaur
   920 | D:6      | Reached XP level 6. HP: 38/45 MP: 4/11
   946 | D:6      | Found a shadowy altar of Dithmenos.
   974 | D:7      | Found a staircase to the Ecumenical Temple.
   978 | D:7      | Reached skill level 1 in Staves
   978 | D:7      | Reached skill level 1 in Poison Magic
  1038 | D:7      | Reached XP level 7. HP: 50/50 MP: 5/12
  1155 | D:7      | Found a sand-covered staircase.
  1160 | Ossuary  | Entered an ossuary
  1226 | Ossuary  | Reached * piety under Vehumet
  1226 | Ossuary  | Offered knowledge of Shock by Vehumet.
  1418 | Ossuary  | Offered knowledge of Poisonous Vapours by Vehumet.
  1435 | Ossuary  | Reached ** piety under Vehumet
  1592 | D:7      | You fall into a shaft and drop 1 floor!
  1610 | D:8      | Found a shimmering altar of Xom.
  1748 | D:8      | Offered knowledge of Static Discharge by Vehumet.
  1775 | D:9      | Learned a level 3 spell: Stone Arrow
  1803 | D:9      | Reached skill level 2 in Earth Magic
  1803 | D:9      | Reached XP level 8. HP: 39/57 MP: 2/13
  1812 | D:9      | Reached skill level 3 in Earth Magic
  1820 | D:9      | Noticed a troll
  1831 | D:9      | Reached skill level 4 in Earth Magic
  1832 | D:9      | Killed a troll
  1833 | D:9      | Reached skill level 6 in Earth Magic
  1835 | D:9      | Noticed a two-headed ogre
  1856 | D:9      | Slain by a two-headed ogre

Illustrated notes

Levels and vault maps discovered:
D:1:      dpeg_arrival_rooms_a, layout_loops_ring, serial_forest,
          infiniplex_forest_clump_double, infiniplex_forest_3_way,
          infiniplex_forest_lined_room_3, infiniplex_forest_straight_1,
          infiniplex_forest_straight_4, infiniplex_forest_clump_diagonal,
          infiniplex_forest_zigzag_1, infiniplex_forest_straight_3,
          hellmonk_ecumenical_altar_run_dry
D:2:      layout_loops_ring, basic_altar, minmay_misc_feat_diagonals
D:3:      layout_rooms, vehumet_crystals, chequers_jeans
D:4:      layout_basic, uniq_pikel
D:5:      layout_cave_pools, gammafunk_ghost_split, uniq_blork_the_orc
D:6:      layout_basic, grunt_dithmenos_smoke_and_mirrors, uniq_duvessa,
          uniq_menkaure, uniq_eustachio
D:7:      layout_gridville, temple_fountains, enter_ossuary_5,
          uniq_crazy_yiuf_cottage
D:8:      layout_loops_ring, mainiacjoe_overflow_alcove_1,
          erik_lair_orcish_takeover
D:9:      minmay_chambers_of_sixes, layout_basic, kennysheep_potato

Skill      XL: |  1  2  3  4  5  6  7  8 |
---------------+-------------------------+-----
Fire Magic     | 4 |  4.9
Evocations     | 3 |  3.0
Spellcasting   | 3 |  3.2
Conjurations   | 3 4 |  4.9
Staves         | 1 3 |  3.9
Poison Magic   | 2 3 |  3.0
Earth Magic    | 2 6 |  6.5
Dodging        | |  2.6
Stealth        | |  1.4

Action                   |  1- 3 |  4- 6 |  7- 9 || total
-------------------------+-------+-------+-------++-------
Melee: Unarmed           |    22 |     1 |       ||    23
       Staff             |       |       |   166 ||   166
       Punch             |       |       |     4 ||     4
 Cast: Foxfire           |    32 |    11 |    28 ||    71
       Scorch            |    11 |     7 |    10 ||    28
       Flame Wave        |       |       |     8 ||     8
  Use: Scroll            |     8 |       |     7 ||    15
       Potion            |     1 |       |     1 ||     2
Armor: Robe              |    22 |       |   113 ||   135
Dodge: Dodged            |    27 |     4 |   118 ||   149
